 Dungeon Crawl Stone Soup version 0.32-a0-12-g7fc57aa741 (webtiles) character file.

Game seed: 7408461006042857292

748348 namnaref the Petrodigitator (level 27, -9/188 HPs)
             Began as a Gargoyle Fire Elementalist on Jan 6, 2024.
             Was the Champion of Vehumet.
             Mangled by an iron giant
             ... wielding a +0 giant club
              (13 damage)
             ... on level 7 of the Iron City of Dis on Jan 14, 2024.
             The game lasted 09:20:56 (65105 turns).

namnaref the Petrodigitator (GrFE)                 Turns: 65105, Time: 09:20:57

Health: -9/188     AC: 22    Str: 15      XL:     27
Magic:  5/55       EV: 14    Int: 33 (35) God:    Vehumet [******]
Gold:   9151       SH: 13    Dex: 18      Spells: 2/64 levels left

rFire   + + +        p - staff of the Crypt {rElec Int+6 Earth}
rCold   + . .        d - +1 kite shield {AC+3}
rNeg    + + +        t - +0 acid dragon scales
rPois   ∞            (helmet restricted)
rElec   +            Y - scarf {rC+ rF+}
rCorr   +            D - +0 pair of gloves "Jesufess" {Fly rF+ Str+2}
SInv    +            z - +1 pair of boots {rampage}
Will    ++...        c - amulet of Runo {RegenMP rF+}
Stlth   +++          X - ring "Tahegh" {+Blink rN+++ Will- Dex+6}
HPRegen 0.51/turn    K - ring "Uhilajuq" {*Slow Fly MP+9 Dex+2 SInv}
MPRegen 0.74/turn

%: slow self (1%), clarity, rampage
@: corroded, flying, slowed, very slow
A: sickness immunity, AC +20, big wings, negative energy resistance 1,
electricity resistance, torment resistance 1, petrification resistance, antennae
1, iridescent scales 1, clarity, strong-willed 1, sturdy frame 1
}: 6/15 runes: decaying, serpentine, slimy, silver, bone, abyssal
a: Renounce Religion, Evoke Blink


You were on level 7 of the Iron City of Dis.
You worshipped Vehumet.
Vehumet was exalted by your worship.
You visited 15 branches of the dungeon, and saw 71 of its levels.
You visited the Abyss 1 time.
You also visited: Trove, Gauntlet and Ice Cave.

You collected 11685 gold pieces.
You spent 2534 gold pieces at shops.

Inventory:

Missiles
 O - a curare-tipped dart (quivered)
 W - 6 silver javelins
Armour
 d - a +1 kite shield of protection (worn)
 t - +0 acid dragon scales (worn)
 z - a +1 pair of boots of rampaging (worn)
 D - the +0 pair of gloves "Jesufess" (worn) {Fly rF+ Str+2}
   (You acquired it on level 14 of the Dungeon)

   Str+2:     It affects your strength (+2).
   rF+:       It protects you from fire.
   Fly:       It grants you flight.
 Y - a scarf of resistance (worn)
Magical Staves
 a - the staff "Ychaub" {*Corrode +Blink rF+ Int+5 Conj Fire}
   (You found it on level 5 of the Vaults)

   [staff of fire]

   Base accuracy: +5 Base damage: 5 Base attack delay: 1.2 This weapon's minimum
   attack delay (0.6) is reached at skill level 12.
   Int+5:     It affects your intelligence (+5).
   rF+:       It protects you from fire.
   +Blink:    It lets you blink.
   *Corrode:  It may corrode you when you take damage.
   Conj:      It increases the power of your Conjurations spells.
   Fire:      It increases the power of your Fire spells.
   It falls into the 'Staves' category.
   It is a one-handed weapon.
 p - the staff of the Crypt (weapon) {rElec Int+6 Earth}
   (You found it on level 7 of Tartarus)

   [staff of earth]

   Base accuracy: +5 Base damage: 5 Base attack delay: 1.2 This weapon's minimum
   attack delay (0.6) is reached at skill level 12.
   Int+6:     It affects your intelligence (+6).
   rElec:     It insulates you from electricity.
   Earth:     It increases the power of your Earth spells.
   It falls into the 'Staves' category.
   It is a one-handed weapon.
Jewellery
 c - the amulet of Runo (around neck) {RegenMP rF+}
   (You found it on level 7 of Tartarus)

   [amulet of magic regeneration]

   RegenMP:   It increases your rate of magic regeneration.
   rF+:       It protects you from fire.
 f - the ring of Yttankik {Wiz rElec rCorr Slay-3}
   (You found it on level 7 of Tartarus)

   [ring of wizardry]

   Wiz:       It improves your spell success rate.
   Slay-3:    It affects your accuracy & damage with ranged weapons and melee
   (-3).
   rElec:     It insulates you from electricity.
   rCorr:     It protects you from acid and corrosion.
 J - the ring "Pevu" {rC++ EV+5 Int+2 Dex+5}
   (You found it on level 3 of the Elven Halls)

   [ring of evasion]

   EV+5:      It affects your evasion (+5).
   Int+2:     It affects your intelligence (+2).
   Dex+5:     It affects your dexterity (+5).
   rC++:      It greatly protects you from cold.
 K - the ring "Uhilajuq" (right hand) {*Slow Fly MP+9 Dex+2 SInv}
   (You found it on level 3 of the Crypt)

   [ring of flight]

   Dex+2:     It affects your dexterity (+2).
   MP+9:      It affects your magic capacity (+9).
   SInv:      It lets you see invisible.
   Fly:       It grants you flight.
   *Slow:     It may slow you when you take damage.
 X - the ring "Tahegh" (left hand) {+Blink rN+++ Will- Dex+6}
   (You found it in an ice cave)

   [ring of dexterity]

   Dex+6:     It affects your dexterity (+6).
   rN+++:     It renders you almost immune to negative energy.
   Will-:     It decreases your willpower.
   +Blink:    It lets you blink.
Wands
 m - a wand of charming (79)
 w - a wand of roots (12)
 I - a wand of digging (42)
 Q - a wand of acid (25)
 R - a wand of mindburst (24)
 T - a wand of polymorph (30)
Scrolls
 e - 11 scrolls of revelation
 h - 4 scrolls of butterflies
 n - 8 scrolls of teleportation
 r - a scroll of blinking
 u - 9 scrolls of vulnerability
 x - 14 scrolls of immolation
 C - 6 scrolls of torment
 E - 5 scrolls of amnesia
 G - 5 scrolls of poison
 M - 18 scrolls of fog
 P - 10 scrolls of fear
Potions
 g - 9 potions of mutation
 j - 9 potions of cancellation
 k - 2 potions of brilliance
 l - 24 potions of curing
 s - 4 potions of invisibility
 v - 3 potions of heal wounds
 A - 3 potions of magic
 B - a potion of ambrosia
 F - 7 potions of resistance
 H - 5 potions of enlightenment
 S - 6 potions of haste
Miscellaneous
 i - a phantom mirror
 U - a condenser vane
 V - a phial of floods


   Skills:
 + Level 23.1 Fighting
 + Level 6.4 Dodging
 - Level 5.0 Stealth
 - Level 10.0 Shields
 + Level 19.0 Spellcasting
 * Level 25.0 Conjurations
 - Level 5.0 Translocations
 * Level 22.9 Fire Magic
 O Level 27 Earth Magic
 - Level 18.0 Evocations


You had 2 spell levels left.
You knew the following spells:

 Your Spells              Type           Power      Damage    Failure   Level
a - Passage of Golubria   Tloc           59%        N/A       3%          4
b - Scorch                Fire           100%       2d9       0%          2
c - Orb of Destruction    Conj           57%        9d14      1%          7
d - Sandblast             Erth           100%       2d20      0%          1
e - Starburst             Conj/Fire      56%        6d15      0%          6
f - Apportation           Tloc           100%       N/A       1%          1
g - Swiftness             Air            31%        N/A       9%          3
h - Blink                 Tloc           100%       N/A       1%          2
i - Plasma Beam           Fire/Air       41%        2x1d55    1%          6
j - Fulminant Prism       Conj/Alch      42%        3d19      1%          4
k - Lehudib's Crystal Sp  Conj/Erth      70%        10d16     1%          8
l - Shatter               Erth           71%        3d52*     1%          9
m - Fire Storm            Conj/Fire      56%        8d14      4%          9

Your spell library contained the following spells:

 Spells                   Type           Power      Damage    Failure   Level
 Maxwell's Capacitive Co  Air            15%        ∞         100%        8
 Foxfire                  Conj/Fire      100%       2x1d9     0%          1
 Kiss of Death            Conj/Necr      100%       2d13      0%          1
 Magic Dart               Conj           100%       1d8       0%          1
 Shock                    Conj/Air       100%       1d9       0%          1
 Sting                    Conj/Alch      100%       1d9       0%          1
 Searing Ray              Conj           100%       2d8       0%          2
 Freeze                   Ice            100%       1d10      1%          1
 Lesser Beckoning         Tloc           100%       N/A       1%          2
 Mercury Vapours          Alch/Air       62%        N/A       1%          2
 Static Discharge         Conj/Air       100%       3-8/arc   1%          2
 Necrotise                Necr           100%       1d9       2%          1
 Slow                     Hex            100%       N/A       2%          1
 Summon Small Mammal      Summ           100%       N/A       2%          1
 Call Imp                 Summ           62%        N/A       4%          2
 Jinxbite                 Hex            62%        N/A       4%          2
 Stone Arrow              Conj/Erth      100%       3d13      0%          3
 Flame Wave               Conj/Fire      100%       2d21      0%          4
 Fireball                 Conj/Fire      56%        3d22      0%          5
 Iskenderun's Battlesphe  Conj           100%       2d15      0%          5
 Bombard                  Conj/Erth      70%        9d11      0%          6
 Gell's Gravitas          Tloc           59%        N/A       1%          3
 Hailstorm                Conj/Ice       85%        3d14      1%          3
 Inner Flame              Hex/Fire       82%        N/A       1%          3
 Mephitic Cloud           Conj/Alch/Air  72%        N/A       1%          3
 Teleport Other           Tloc           59%        N/A       1%          3
 Volatile Blastmotes      Fire/Tloc      100%       2d18      1%          3
 Animate Armour           Summ/Erth      100%       N/A       1%          4
 Ignite Poison            Fire/Alch      82%        N/A       1%          4
 Iskenderun's Mystic Bla  Conj/Tloc      92%        2d18      1%          4
 Leda's Liquefaction      Alch/Erth      55%        N/A       1%          4
 Petrify                  Alch/Erth      100%       N/A       1%          4
 Sticky Flame             Fire/Alch      82%        2d13      1%          4
 Summon Blazeheart Golem  Fire/Summ      82%        N/A       1%          4
 Borgnjor's Vile Clutch   Necr/Erth      55%        N/A       1%          5
 Freezing Cloud           Conj/Ice/Air   36%        6-21      1%          5
 Irradiate                Conj/Alch      42%        3d25      1%          5
 Conjure Ball Lightning   Conj/Air       42%        3x3d15    1%          6
 Ignition                 Fire           55%        3d15      1%          8
 Frozen Ramparts          Ice            62%        1d10      2%          3
 Manifold Assault         Tloc           59%        N/A       3%          4
 Spellforged Servitor     Conj/Summ      42%        N/A       4%          7
 Airstrike                Air            15%        2d(3-19)  8%          4
 Olgreb's Toxic Radiance  Alch           31%        N/A       8%          4
 Call Canine Familiar     Summ           31%        N/A       9%          3
 Confusing Touch          Hex            31%        N/A       9%          3
 Fugue of the Fallen      Necr           31%        N/A       9%          3
 Ozocubu's Armour         Ice            31%        N/A       9%          3
 Sigil of Binding         Hex            31%        N/A       9%          3
 Summon Ice Beast         Ice/Summ       31%        N/A       9%          3
 Tukima's Dance           Hex            31%        N/A       9%          3
 Vampiric Draining        Necr           31%        2d8       9%          3
 Dimensional Bullseye     Hex/Tloc       23%        N/A       10%         4
 Yara's Violent Unravell  Hex/Alch       15%        3d8       21%         5
 Anguish                  Hex/Necr       15%        N/A       28%         4
 Animate Dead             Necr           31%        N/A       28%         4
 Cause Fear               Hex            15%        N/A       28%         4
 Dispel Undead            Necr           31%        3d14      28%         4
 Martyr's Knell           Necr/Summ      31%        N/A       28%         4
 Summon Lightning Spire   Summ/Air       31%        N/A       28%         4
 Summon Forest            Summ/Tloc      23%        N/A       28%         5
 Dispersal                Tloc           29%        N/A       50%         6
 Alistair's Intoxication  Alch           20%        N/A       61%         5
 Curse of Agony           Necr           31%        N/A       61%         5
 Metabolic Englaciation   Hex/Ice        15%        N/A       61%         5
 Silence                  Hex/Air        15%        N/A       61%         5
 Summon Mana Viper        Hex/Summ       31%        N/A       61%         5
 Eringya's Noxious Bog    Alch           15%        4d6       69%         6
 Chain Lightning          Conj/Air       42%        3d56      98%         9
 Death Channel            Necr           15%        N/A       99%         6
 Sculpt Simulacrum        Ice/Alch       15%        N/A       99%         6
 Summon Cactus Giant      Summ           15%        N/A       99%         6
 Ozocubu's Refrigeration  Ice            15%        4d10      99%         7
 Enfeeble                 Hex            15%        N/A       100%        7
 Malign Gateway           Summ/Tloc      23%        N/A       100%        7
 Summon Hydra             Summ           15%        N/A       100%        7
 Borgnjor's Revivificati  Necr           15%        N/A       100%        8
 Discord                  Hex            15%        N/A       100%        8
 Disjunction              Tloc           29%        N/A       100%        8
 Infestation              Necr           15%        N/A       100%        8
 Summon Horrible Things   Summ           15%        N/A       100%        8
 Polar Vortex             Ice            15%        12d2*     100%        9
 Cigotuvi's Dreadful Rot  Necr/Alch/Air  Unusable   N/A       N/A         2

Dungeon Overview and Level Annotations

Branches:
Dungeon (15/15)            Temple (1/1) D:5            Lair (5/5) D:10
  Swamp (4/4) Lair:2        Snake (4/4) Lair:3        Slime (5/5) Lair:5
    Orc (2/2) D:9             Elf (3/3) Orc:2        Vaults (5/5) D:14
  Crypt (3/3) Vaults:2       Tomb (0/3) Crypt:3      Depths (4/4) D:15
   Hell (visited)             Dis (7/7) Hell            Geh (0/7) Hell
    Coc (0/7) Hell            Tar (7/7) Hell            Zot (5/5) Depths:4
  IceCv (visited)         Gauntlet (visited)

Altars:
Ashenzari
Cheibriados
Dithmenos
Elyvilon
Fedhas
Gozag
Hepliaklqana
Kikubaaqudgha
Makhleb
Nemelex Xobeh
Okawaru
Qazlal
Ru
Sif Muna
Trog
Uskayaw
Vehumet
Wu Jian
Xom
Yredelemnul
Zin
The Shining One
Jiyva

Shops:
D:10 *   Orc:2 (?**=   Elf:1 *[[*(   Vaults:1 (

Portals:
Hell: Depths:1 Depths:2 Depths:3 Depths:4
Abyss: Depths:3 Depths:4
Pandemonium: Depths:2
Ziggurat: Depths:3

Annotations:
D:3 3 runed translucent doors, ohados's ghost, weakling TeAE
D:6 exclusion: ogre
D:7 2 transporters
D:8 3 runed translucent doors, 2 transporters, kuniqs's ghost, novice DsCj
D:12 2 transporters, lis82's ghost, journeyman DgAE
Lair:2 exclusion: downstairs
Lair:3 exclusion: upstairs
Elf:2 3 runed translucent doors, exclusion: 3 doors
Vaults:3 2 transporters, abarbat's ghost, adept MiBe
Dis:3 exclusion: door
Zot:4 1 runed translucent door, Coluruets's ghost, legendary HuBe
Zot:5 1 exclusion


Innate Abilities, Weirdness & Mutations

You are immune to sickness and miasma.
Your stone body is resilient. (AC +20)
You are immune to poison.
Your large and strong wings let you fly.
You resist negative energy. (rN+)
You are resistant to electric shocks. (rElec)
You are resistant to unholy torment.
You are immune to petrification.
You have a pair of small antennae on your head.
You are partially covered in iridescent scales. (AC +2)
You possess an exceptional clarity of mind.
You are strong-willed. (Will+)
Your movements are slightly less encumbered by armour. (ER -2)


Message History

a +0 giant club; an iron giant corpse The caustic shrike claws you!
You are splashed with acid.
You resist.
* * * LOW HITPOINT WARNING * * *
Unknown command.
Unknown command.
Casting: Shatter (dangerous; 1% risk of failure)
Confirm with . or Enter, or press ? or * to list all spells.
Aiming: Lehudib's Crystal Spear (mildly dangerous; 1% risk of failure)
Press: ? - help, Shift-Dir - straight line, f - caustic shrike
Aim: a caustic shrike (69% to hit)
You feel a surge of power!
The crystal spear hits the caustic shrike!!!!
The caustic shrike is almost dead.
The caustic shrike claws you!!
* * * LOW HITPOINT WARNING * * *
You are splashed with acid.
You resist.
* * * LOW HITPOINT WARNING * * *
The caustic shrike claws you!
* * * LOW HITPOINT WARNING * * *
You are splashed with acid.
You resist.
* * * LOW HITPOINT WARNING * * *
You feel much better. The caustic shrike claws you!
* * * LOW HITPOINT WARNING * * *
You are splashed with acid.
You resist.
* * * LOW HITPOINT WARNING * * *
The caustic shrike misses you.
Unknown command.
Blink to where?
Press: ? - help, Dir - move target, p - caustic shrike
As you read the scroll of blinking, it crumbles to dust.
An iron giant comes into view. It is wielding a +0 giant club.
As you read the scroll of fog, it dissolves into smoke.
The Hell Sentinel gestures at you.
The sphere of damnation explodes!
The damnation engulfs you!
* * * LOW HITPOINT WARNING * * *
You feel yourself slow down.
The iron giant throws the iron giant at you!
* * * LOW HITPOINT WARNING * * *
The iron giant hits you with a +0 giant club!
You die...

#..######.'..#..
##.#....#.#..#.. #.
##.#....#.#..#.. #...
#..#....#.####). #...#
#..#....#....)..
#...########.##'###.......
'.......§##...............
#..C....§C§....~~~~~~~~...
#######.......§@§....~~~~~~~~...
.............§##...............
##..........b####.###'##.......
......C.1.....##..#....###'##..
#.....C....##..#....#....#..
#.1C......####.#....#....#..
#..##)###.# ##.######....#..
#..#§...#..##..#....#....#..
...##....#..##..#....######..


You could see 3 iron giants, a Hell Sentinel and a caustic shrike.

Vanquished Creatures
  Ereshkigal (Tar:7)
  8 dread liches
  2 orbs of fire
  An ancient lich (Crypt:3)
  Mara (Swamp:4)
  A juggernaut (Depths:3)
  Bai Suzhen (Depths:2)
  Vv (Depths:4)
  Sojobo (Vaults:3)
  A curse toe (Zot:2)
  Vashnia (Snake:3)
  Saint Roka (Depths:1)
  11 caustic shrikes
  Geryon (Hell)
  8 profane servitors
  7 golden dragons
  Norris (Elf:1)
  4 bone dragons
  An electric golem (Zot:4)
  15 Tzitzimimeh
  Jorgrun (Swamp:2)
  7 doom hounds
  3 iron giants
  A hellephant (Hell)
  19 tentacled monstrosities
  5 liches
  5 Hell Sentinels
  24 tainted leviathans
  5 Orb Guardians (Zot:5)
  A quicksilver dragon (Vaults:5)
  2 walking frostbound tomes (Depths:2)
  2 deep elf blademasters (Elf:3)
  9 titans
  2 deep elf master archers (Elf:3)
  A walking divine tome (Depths:2)
  7 sphinxes
  Asterion (Elf:3)
  A tentacled starspawn (Abyss:3)
  12 acid blobs
  10 death cobs
  10 ancient champions
  2 thorn hunters (Swamp:4)
  15 storm dragons
  14 shadow dragons
  12 tengu reavers
  Donald (Vaults:2)
  A fenstrider witch (Swamp:4)
  10 azure jellies
  2 revenants
  8 rockslimes
  5 protean progenitors
  7 fire giants
  8 frost giants
  2 draconian monks
  2 balrugs (Crypt:3)
  4 iron dragons
  4 ghost moths
  10 nagarajas
  Louise (Snake:3)
  10 deep elf sorcerers
  7 draconian scorchers
  4 draconian knights
  4 quicksilver elementals
  6 spectral caustic shrikes
  17 vault wardens
  4 deep elf elementalists (Elf:3)
  3 curse skulls
  7 draconian shifters
  3 draconian stormcallers
  21 ironbound preservers
  3 ghouls
  8 spectral juggernauts
  2 orc warlords (Vaults:1)
  A cacodemon (Hell)
  15 reapers
  4 draconian annihilators
  7 formless jellyfish
  7 quicksilver oozes
  17 stone giants
  5 ironbound thunderhulks
  23 very ugly things
  5 green draconians
  2 spriggan defenders (Depths:4)
  10 black draconians
  38 putrid mouths
  5 vampire knights
  2 spectral titans
  7 yellow draconians
  8 spark wasps
  16 white draconians
  6 deep elf annihilators
  7 deep elf demonologists
  9 deep elf death magi
  A minotaur (Gauntlet)
  Nessos (Lair:5)
  7 purple draconians
  8 eleionomae
  26 war gargoyles
  9 iron golems
  5 bunyips
  7 eidola
  9 red draconians
  Snorg (Lair:2)
  24 ettins
  A merfolk javelineer (Depths:2)
  A blizzard demon (Depths:4)
  7 jiangshi
  5 deep elf high priests
  8 fire dragons
  2 crystal guardians (Vaults:3)
  An entropy weaver (Vaults:5)
  15 yaktaur captains
  36 vault guards
  5 spectral spriggans
  7 ice dragons
  A ghost crab (Swamp:2)
  8 great orbs of eyes
  3 rakshasas
  6 salamander tyrants
  A spriggan zombie (Crypt:1)
  23 hydras
  7 alligators
  2 peacekeepers (Vaults:3)
  An alligator (shapeshifter) (Depths:3)
  3 spriggan air magi
  2 hell beasts
  10 anacondas
  3 boulder beetles
  12 ironbound frosthearts
  8 ogre magi
  A catoblepas (Depths:3)
  9 centaur warriors
  2 death knights (Crypt:2)
  A spriggan skeleton (Crypt:3)
  13 naga warriors
  2 satyrs (Abyss:4)
  34 two-headed ogres
  2 hell hogs (Lair:5)
  7 tengu warriors
  11 deep troll shamans
  14 death yaks
  7 deep troll earth magi
  18 dancing weapons
  7 vampire magi
  2 death scarabs (Gauntlet)
  4 sun demons
  3 orc high priests
  5 shock serpents
  11 soul eaters
  6 spriggan berserkers
  3 thrashing horrors (Abyss:3)
  10 naga sharpshooters
  4 spectral dire elephants
  12 deep elf knights
  Urug (Lair:3)
  19 hell knights
  2 sixfirhies (Hell)
  5 skysharks
  A titan skeleton (Crypt:3)
  Amaemon (D:11)
  4 iron trolls
  5 crystal echidnas
  A fire crab (Lair:2)
  4 salamander mystics
  8 skeletal warriors
  A wretched star (Abyss:3)
  36 shadow wraiths
  3 spriggan druids
  6 arcanists
  10 bog bodies
  An anaconda zombie (Crypt:3)
  3 spectral anacondas (Tar:2)
  11 flayed ghosts
  An iron giant zombie (Crypt:3)
  A glowing orange brain (shapeshifter) (Vaults:5)
  4 goliath frogs
  4 spectral bunyips
  5 sea snakes (Snake:4)
  2 orange crystal statues
  4 glowing orange brains
  88 deep trolls
  8 deep elf archers
  4 naga ritualists
  10 swamp dragons
  8 harpies
  6 lindwurms
  A shadow dragon zombie (Hell)
  8 mana vipers
  An anaconda skeleton (Crypt:2)
  19 ironbound convokers
  A spectral iron dragon (Tar:2)
  21 phantasmal warriors
  15 deep elf pyromancers
  8 necromancers
  7 orc knights
  18 deep elf zephyrmancers
  4 shining eyes
  An oklob plant (Lair:1)
  4 spectral ettins
  An iron dragon zombie (Hell)
  8 frost giant zombies
  7 fire giant zombies (Tar:6)
  A shining eye (shapeshifter) (Depths:2)
  6 will-o-the-wisps
  2 orc sorcerers
  3 manticores
  11 salamanders
  15 ugly things
  A centaur zombie (Crypt:3)
  2 spectral alligator snapping turtles
  8 cyclopes
  A dire elephant zombie (Crypt:1)
  An orc zombie (Crypt:1)
  40 moths of wrath
  12 elephants
  An ice statue (Vaults:2)
  32 black mambas
  5 rust devils (Hell)
  A kobold blastminer (Orc:2)
  An iron dragon skeleton (Crypt:1)
  An alligator snapping turtle zombie (Crypt:1)
  14 smoke demons
  3 eyes of devastation
  16 vault sentinels
  An apocalypse crab (Abyss:3)
  19 naga magi
  13 guardian serpents
  16 cane toads
  6 molten gargoyles
  A dire elephant skeleton (Crypt:1)
  3 orange demons
  4 gargoyles (Crypt:3)
  7 storm dragon simulacra (IceCv)
  Psyche (D:9)
  6 unseen horrors
  4 hellions
  19 yaktaurs
  A rime drake (shapeshifter) (Vaults:1)
  8 tormentors
  3 efreet
  6 golden dragon simulacra (IceCv)
  20 komodo dragons
  A black draconian zombie (Crypt:1)
  9 freezing wraiths
  An ice devil (Hell)
  A sea snake skeleton (Crypt:2)
  3 tengu conjurers
  A red devil (Hell)
  7 spectral nagas
  A polar bear (shapeshifter) (D:15)
  A spectral harpy (Tar:2)
  4 polar bears
  12 trolls
  A bloated husk (Swamp:3)
  A catoblepas skeleton (Crypt:1)
  7 hornets
  6 tyrant leeches
  4 silent spectres
  A harpy skeleton (Crypt:3)
  13 blink frogs
  An ettin zombie (Vaults:3)
  2 meliai zombies
  3 glass eyes
  5 dream sheep (Lair:5)
  A stone giant simulacrum (Hell)
  3 raiju (Abyss:3)
  A jumping spider zombie (Crypt:1)
  A spectral black mamba (Gauntlet)
  3 spriggans
  A centaur simulacrum (Crypt:1)
  77 slime creatures
  2 air elementals (Elf:1)
  20 shadows
  A small abomination (Abyss:3)
  20 humans (D:14)
  11 wraiths
  9 vampires
  10 water elementals
  5 wyverns
  4 fire elementals
  A yak (shapeshifter) (D:15)
  4 fire bats (Depths:2)
  3 wargs
  43 yaks
  A warg (shapeshifter) (Vaults:5)
  4 basilisks
  3 steam dragons
  14 vampire mosquitoes
  4 golden eyes
  A yaktaur simulacrum (Vaults:3)
  A neqoxec (Abyss:3)
  Menkaure (D:6)
  A spectral cane toad (Gauntlet)
  A demonspawn zombie (Crypt:1)
  4 acid dragons
  30 nagas
  24 water moccasins
  17 swamp worms
  A merfolk skeleton (Crypt:2)
  4 hell hounds (Lair:5)
  A naga skeleton (Crypt:3)
  18 orc warriors
  2 ice beasts (D:6)
  14 laughing skulls
  3 sky beasts (D:7)
  5 swamp drakes
  5 black bears
  A snapping turtle zombie (Crypt:1)
  An ice dragon simulacrum (IceCv)
  An ettin simulacrum (Crypt:1)
  30 ogres
  5 boggarts (Vaults:3)
  A blink frog skeleton (Crypt:1)
  14 centaurs
  17 wolves
  A phantom (D:4)
  4 kobold brigands
  3 gnoll sergeants
  A hog skeleton (Crypt:2)
  10 bullfrogs
  2 necrophages (Crypt:1)
  4 scorpions
  10 wights
  3 human skeletons (Vaults:3)
  2 salamander skeletons (Crypt:2)
  3 earth elementals
  A hornet simulacrum (D:15)
  9 killer bees (D:9)
  7 lindwurm simulacra (IceCv)
  8 howler monkeys
  An electric eel (Lair:3)
  A bombardier beetle (D:5)
  5 lava snakes (Lair:5)
  6 jellies
  14 orc priests
  3 gnoll boudas
  5 hounds
  6 starcursed masses (Abyss:3)
  13 hell rats
  A sleepcap (D:7)
  18 orc wizards
  A crocodile zombie (Crypt:2)
  An acid dragon skeleton (Crypt:1)
  12 gnolls
  8 adders
  A shadow imp (Tar:7)
  A white imp (D:6)
  4 ufetubi
  2 ribbon worms (D:3)
  3 dart slugs
  60 orcs
  16 endoplasms
  4 goblins
  9 hobgoblins
  3 jackals (D:1)
  4 quokkas
  10 ball pythons
  6 bats
  A frilled lizard (D:1)
  A giant cockroach zombie (Crypt:1)
  24 kobolds
  An orc skeleton (Crypt:2)
  5 rats
  3 aspiring fleshes (Zot:2)
  2 fire vortices (Dis:4)
  2 starspawn tentacles (Abyss:3)
2626 creatures vanquished.

Vanquished Creatures (collateral kills)
  the Royal Jelly (Slime:5)
  A caustic shrike (Dis:4)
  A Tzitzimitl (Tar:7)
  3 tentacled monstrosities
  A death cob (Zot:3)
  A ghost moth (Zot:4)
  2 green draconians
  2 black draconians
  2 yellow draconians (Zot:3)
  An elephant (Zot:2)
  An aspiring flesh (Zot:2)
16 creatures vanquished.

Vanquished Creatures (others)
  A ghost moth (Zot:2)
  A deep elf knight (Elf:1)
  A salamander mystic (Snake:2)
  An orc priest (Depths:1)
  175 fire vortices
  579 foxfires
  2 fulminant prisms (Hell)
  2 starspawn tentacles (Abyss:3)
762 creatures vanquished.

Grand Total: 3404 creatures vanquished

Notes
Turn   | Place    | Note
-------+----------+-------------------------------------------
     0 | D:1      | namnaref the Gargoyle Fire Elementalist began the quest for
                  | the Orb.
     0 | D:1      | Reached XP level 1. HP: 10/10 MP: 3/3
   188 | D:1      | Reached XP level 2. HP: 15/16 MP: 3/5
   286 | D:1      | Reached skill level 1 in Fighting
   289 | D:1      | Learned a level 2 spell: Scorch
   496 | D:1      | Found a faded altar of an unknown god.
   500 | D:1      | Reached XP level 3. HP: 13/20 MP: 2/6
  1408 | D:2      | Reached XP level 4. HP: 26/26 MP: 5/7
  1696 | D:3      | Learned a level 4 spell: Flame Wave
  1919 | D:3      | Found a runed translucent gate.
  1920 | D:3      | Found a runed translucent gate.
  1921 | D:3      | Found a runed translucent gate.
  1922 | D:3      | Found an opulent altar of Gozag.
  1923 | D:3      | Noticed ohados's ghost (weakling TeAE)
  2051 | D:3      | Identified the +1 leather armour of Entitlement {-Tele Harm
                  | rPois Dex+2}
  2435 | D:4      | Noticed a phantom
  2465 | D:4      | Killed a phantom
  2466 | D:4      | Reached XP level 5. HP: 19/31 MP: 0/9
  2576 | D:4      | Found a shadowy altar of Dithmenos.
  3055 | D:4      | Reached XP level 6. HP: 30/37 MP: 2/10
  3134 | D:4      | Upgraded the game from 0.31-a0-1591-g515db51633 to
                  | 0.31-a0-1597-ge7908ec95f
  3344 | D:4      | Reached XP level 7. HP: 7/41 MP: 1/11
  3570 | D:5      | Entered Level 5 of the Dungeon
  3570 | D:5      | Found a staircase to the Ecumenical Temple.
  3576 | Temple   | Entered the Ecumenical Temple
  3586 | Temple   | Became a worshipper of Vehumet
  3856 | D:5      | Reached skill level 5 in Conjurations
  4232 | D:5      | Reached skill level 5 in Fire Magic
  4300 | D:5      | Reached * piety under Vehumet
  4300 | D:5      | Offered knowledge of Sandblast by Vehumet.
  4303 | D:5      | Learned a level 1 spell: Sandblast
  4484 | D:5      | Found a bloodstained altar of Trog.
  4485 | D:5      | Found an iron altar of Okawaru.
  4498 | D:5      | Reached XP level 8. HP: 39/48 MP: 9/13
  4839 | D:6      | Found a blossoming altar of Fedhas.
  4852 | D:6      | Identified the +3 mace "Umeys" {freeze, rPois Int+3}
  5056 | D:6      | Reached skill level 5 in Fighting
  5134 | D:6      | Noticed Menkaure
  5145 | D:6      | Killed Menkaure
  5146 | D:6      | Reached XP level 9. HP: 54/54 MP: 3/15
  5166 | D:6      | Found a sacrificial altar of Ru.
  5485 | D:7      | Learned a level 6 spell: Starburst
  5729 | D:7      | Found a transporter.
  5809 | D:7      | Found a transporter.
  5963 | D:7      | Reached skill level 5 in Spellcasting
  6214 | D:7      | Found a stormy altar of Qazlal.
  6460 | D:8      | Reached ** piety under Vehumet
  6460 | D:8      | Offered knowledge of Static Discharge by Vehumet.
  6549 | D:8      | Reached XP level 10. HP: 39/60 MP: 8/17
  6677 | D:8      | Found a runed translucent gate.
  6699 | D:8      | Found a transporter.
  6823 | D:8      | Found a transporter.
  6832 | D:8      | Found a transporter.
  6868 | D:8      | Found a transporter.
  6927 | D:8      | Found a runed translucent gate.
  6929 | D:8      | Found a runed translucent gate.
  6929 | D:8      | Noticed kuniqs's ghost (novice DsCj)
  6932 | D:8      | Noticed a nine-headed hydra
  7090 | D:8      | Found a sparkling altar of Nemelex Xobeh.
  7232 | D:9      | Found a staircase to the Orcish Mines.
  7344 | D:9      | Noticed Psyche
  7346 | D:9      | Killed Psyche
  7446 | D:9      | Offered knowledge of Frozen Ramparts by Vehumet.
  7562 | D:9      | Noticed a cyan ugly thing
  7569 | D:9      | Killed a cyan ugly thing
  7570 | D:9      | Reached skill level 10 in Conjurations
  7575 | D:9      | Reached *** piety under Vehumet
  7579 | D:9      | Noticed a two-headed ogre
  7589 | D:9      | Killed a two-headed ogre
  7590 | D:9      | Reached skill level 5 in Stealth
  7639 | D:9      | Learned a level 1 spell: Apportation
  7695 | D:9      | Noticed a two-headed ogre
  7703 | D:9      | Killed a two-headed ogre
  7704 | D:9      | Reached skill level 1 in Shields
  7704 | D:9      | Reached XP level 11. HP: 67/67 MP: 5/20
  7816 | D:9      | Noticed a two-headed ogre
  8002 | D:9      | Killed a two-headed ogre
  8002 | D:9      | Offered knowledge of Sticky Flame by Vehumet.
  8008 | D:9      | Learned a level 4 spell: Sticky Flame
  8110 | D:9      | Learned a level 2 spell: Blink
  8336 | D:10     | Entered Level 10 of the Dungeon
  8441 | D:10     | Noticed a manticore
  8445 | D:10     | Reached skill level 10 in Fire Magic
  8452 | D:10     | Reached **** piety under Vehumet
  8549 | D:10     | Found a staircase to the Lair.
  8551 | D:10     | Offered knowledge of Arcjolt by Vehumet.
  8566 | D:10     | Noticed a two-headed ogre
  8611 | D:10     | Found a glowing golden altar of the Shining One.
  8687 | D:10     | Noticed a two-headed ogre
  8695 | D:10     | Killed a two-headed ogre
  8849 | D:10     | Killed a two-headed ogre
  8849 | D:10     | Killed a manticore
  9055 | D:10     | Found Umuhaph's Assorted Antiques.
  9093 | D:10     | Bought a scroll labelled KIAKHIYNNE for 18 gold pieces
  9093 | D:10     | Bought a potion of heal wounds for 90 gold pieces
  9287 | D:11     | Found a gate leading to a gauntlet.
  9298 | Gauntlet | Entered a Gauntlet
  9298 | Gauntlet | Noticed a soul eater
  9298 | Gauntlet | Noticed a death scarab
  9298 | Gauntlet | Found a transporter.
  9298 | Gauntlet | Found a transporter.
  9298 | Gauntlet | Found a transporter.
  9300 | Gauntlet | Found a transporter.
  9313 | Gauntlet | Found a transporter.
  9319 | Gauntlet | Found a transporter.
  9326 | Gauntlet | Noticed a sixfirhy
  9327 | Gauntlet | Noticed a soul eater
  9328 | Gauntlet | Found a transporter.
  9329 | Gauntlet | Found a transporter.
  9347 | Gauntlet | Found a transporter.
  9347 | Gauntlet | Noticed a death scarab
  9352 | Gauntlet | Found a transporter.
  9353 | Gauntlet | Found a transporter.
  9355 | Gauntlet | Noticed an orange crystal statue
  9483 | Gauntlet | Found a transporter.
  9562 | Gauntlet | Killed a death scarab
  9563 | Gauntlet | Reached skill level 5 in Shields
  9563 | Gauntlet | Reached XP level 12. HP: 39/75 MP: 17/22
  9563 | Gauntlet | Killed a death scarab
  9570 | Gauntlet | Identified the +1 cloak of Puqiar {rElec}
  9684 | Gauntlet | Identified the amulet of Jalerugg {Reflect rF+ SH+5}
  9692 | Gauntlet | Noticed a minotaur
  9759 | Gauntlet | Killed a minotaur
 10378 | D:11     | Noticed Amaemon
 10473 | D:11     | Killed Amaemon
 10566 | Lair:1   | Entered Level 1 of the Lair of Beasts
 10952 | Lair:1   | Reached skill level 1 in Evocations
 10974 | Lair:1   | Reached skill level 1 in Earth Magic
 11065 | Lair:1   | Reached skill level 2 in Earth Magic
 11066 | Lair:1   | Reached skill level 10 in Fighting
 11147 | Lair:1   | Reached XP level 13. HP: 74/82 MP: 10/25
 11617 | Lair:2   | Reached skill level 3 in Earth Magic
 11754 | Lair:2   | Reached ***** piety under Vehumet
 11754 | Lair:2   | Offered knowledge of Fireball by Vehumet.
 11761 | Lair:2   | Learned a level 5 spell: Fireball
 12104 | Lair:2   | Found a staircase to the Swamp.
 12563 | Lair:3   | Noticed Snorg
 12681 | Lair:2   | Upgraded the game from 0.31-a0-1597-ge7908ec95f to
                  | 0.31-a0-1606-g60c5cc7444
 12946 | Lair:3   | Reached skill level 4 in Earth Magic
 13253 | Lair:3   | Found a staircase to the Snake Pit.
 13801 | Lair:4   | Noticed Urug
 13925 | Lair:3   | Killed Urug
 14266 | Lair:4   | Reached skill level 5 in Earth Magic
 14853 | Lair:5   | Entered Level 5 of the Lair of Beasts
 15018 | Lair:5   | Gained mutation: Your large and strong wings let you fly.
                  | [Gargoyle growth]
 15018 | Lair:5   | Reached XP level 14. HP: 86/90 MP: 11/27
 15098 | Lair:5   | Offered knowledge of Ignite Poison by Vehumet.
 15473 | Lair:4   | Learned a level 3 spell: Hailstorm
 15608 | Lair:5   | Found a staircase to the Slime Pits.
 15616 | Lair:5   | Found a viscous altar of Jiyva.
 15925 | Lair:4   | Learned a level 4 spell: Iskenderun's Mystic Blast
 16438 | Lair:3   | Found the +3 pair of gauntlets of War {Slay+5}
 16506 | Lair:2   | Reached skill level 10 in Spellcasting
 16577 | Lair:1   | Upgraded the game from 0.31-a0-1606-g60c5cc7444 to
                  | 0.31-a0-1620-gcbf77bbcfc
 16618 | Orc:1    | Entered Level 1 of the Orcish Mines
 16620 | Orc:1    | Reached skill level 15 in Conjurations
 16754 | Orc:1    | Found a burning altar of Makhleb.
 17002 | Orc:2    | Entered Level 2 of the Orcish Mines
 17041 | Orc:2    | Found King's Antique Weapon Boutique.
 17463 | Orc:2    | Offered knowledge of Irradiate by Vehumet.
 17483 | Orc:2    | Noticed a stone giant
 17889 | Orc:1    | Upgraded the game from 0.31-a0-1620-gcbf77bbcfc to 0.32-a0
 17911 | Orc:2    | Reached XP level 15. HP: 31/97 MP: 2/29
 18065 | Orc:2    | Paralysed by an ogre mage for 3 turns
 18110 | Orc:2    | Found Wynteeqo's Assorted Antiques.
 18112 | Orc:2    | Found Firiuh's Magic Scroll Emporium.
 18122 | Orc:2    | Found Boruuwor's Jewellery Boutique.
 18123 | Orc:2    | Found Mallofebb's Assorted Antiques.
 18241 | Orc:2    | Bought a scroll of identify for 28 gold pieces
 18241 | Orc:2    | Bought a scroll of fear for 56 gold pieces
 18241 | Orc:2    | Bought a scroll of identify for 28 gold pieces
 18241 | Orc:2    | Bought a scroll of poison for 56 gold pieces
 18241 | Orc:2    | Bought a scroll of identify for 28 gold pieces
 18241 | Orc:2    | Bought a scroll of identify for 28 gold pieces
 18263 | Orc:2    | Bought a peridot ring for 135 gold pieces
 18263 | Orc:2    | Bought a warped robe for 153 gold pieces
 18263 | Orc:2    | Identified the +0 robe of the Lost Path {rF+ Str+3 Dex-4
                  | Stlth+} (You bought it in a shop on level 2 of the Orcish
                  | Mines)
 18267 | Orc:2    | Found a staircase to the Elven Halls.
 18462 | Orc:2    | Bought a scroll of teleportation for 81 gold pieces
 18462 | Orc:2    | Bought a shiny fluorescent wand for 108 gold pieces
 18467 | Orc:2    | Bought a ring of protection from cold for 375 gold pieces
 18480 | Orc:2    | Bought a scroll of teleportation for 87 gold pieces
 18496 | Orc:2    | Bought a scroll of fog for 108 gold pieces
 18496 | Orc:2    | Bought a scroll of fear for 108 gold pieces
 18926 | D:12     | Found a transporter.
 18972 | D:12     | Found a transporter.
 19118 | D:12     | Reached skill level 6 in Earth Magic
 19248 | D:12     | Noticed lis82's ghost (journeyman DgAE)
 19645 | D:13     | Identified the orb "Rylirose" {guile, Harm rF+ rCorr}
 19662 | D:13     | Reached skill level 5 in Evocations
 19696 | D:13     | Found an ornate altar of the Wu Jian Council.
 19902 | D:13     | Offered knowledge of Lee's Rapid Deconstruction by Vehumet.
 20273 | D:14     | Identified the +7 dagger of the Harvest {heavy, rPois
                  | Str+6}
 20331 | D:14     | Reached skill level 7 in Earth Magic
 20860 | D:14     | Reached skill level 15 in Fighting
 20860 | D:14     | Reached skill level 8 in Earth Magic
 20919 | D:14     | Found a gate to the Vaults.
 21090 | D:14     | Found a portal to a secret trove of treasure.
 21115 | D:15     | Entered Level 15 of the Dungeon
 21202 | D:15     | Reached XP level 16. HP: 108/108 MP: 26/31
 21210 | D:15     | Reached ****** piety under Vehumet
 21222 | D:15     | Reached skill level 9 in Earth Magic
 21254 | D:15     | Offered knowledge of Eringya's Noxious Bog by Vehumet.
 21810 | D:15     | Found a staircase to the Depths.
 22212 | Lair:2   | Killed Snorg
 22301 | Snake:1  | Entered Level 1 of the Snake Pit
 22454 | Snake:1  | Reached skill level 1 in Translocations
 22659 | Snake:1  | Learned a level 6 spell: Bombard
 22990 | Snake:1  | Identified the +3 plate armour "Bor Zeed" {rF+ Str+4 Dex+3
                  | Stlth+}
 23812 | Snake:2  | Noticed a nagaraja
 23816 | Snake:2  | Killed a nagaraja
 24005 | Snake:3  | Noticed Louise
 24261 | Snake:3  | Noticed Vashnia
 24453 | Swamp:1  | Entered Level 1 of the Swamp
 24646 | Lair:2   | Offered knowledge of Conjure Ball Lightning by Vehumet.
 24768 | Swamp:1  | Reached XP level 17. HP: 114/114 MP: 32/32
 25011 | Swamp:1  | Identified a scroll of acquirement
 25012 | Swamp:1  | Acquired a book of Annihilations
 25631 | D:14     | You paid a toll of 4 scrolls of blinking to enter a
                  | treasure trove
 25632 | Trove    | Entered a treasure trove
 25675 | D:14     | Acquired the +0 pair of gloves "Jesufess" {Fly rF+ Str+2}
 25873 | Swamp:2  | Noticed Jorgrun
 25879 | Swamp:2  | Killed Jorgrun
 25944 | Swamp:2  | Reached skill level 10 in Earth Magic
 26777 | Swamp:4  | Entered Level 4 of the Swamp
 26792 | Swamp:4  | Found a glacial archway.
 26820 | IceCv    | Entered an ice cave
 27301 | IceCv    | Offered knowledge of Lehudib's Crystal Spear by Vehumet.
 27302 | IceCv    | Reached skill level 5 in Translocations
 27348 | IceCv    | Identified the ring of Incredulity {rPois AC+4 Str+3}
 27350 | IceCv    | Identified the ring of Altruism {Str-4 Int+7 SInv}
 27352 | IceCv    | Identified the ring of the Good {rElec rPois rF+ Int+2}
 27356 | IceCv    | Identified the ring "Tahegh" {+Blink rN+++ Will- Dex+6}
 27531 | Swamp:4  | Reached skill level 11 in Earth Magic
 27821 | Swamp:4  | Reached skill level 12 in Earth Magic
 27840 | Swamp:4  | Reached XP level 18. HP: 80/122 MP: 25/34
 27894 | Swamp:4  | Paralysed by a fenstrider witch for 3 turns
 27948 | Swamp:4  | Noticed Mara
 28097 | Swamp:4  | Noticed namnaref's illusion
 28098 | Swamp:4  | Killed Mara
 28298 | Swamp:4  | Got a decaying rune of Zot
 28875 | Snake:4  | Entered Level 4 of the Snake Pit
 29013 | Snake:4  | Offered knowledge of Polar Vortex by Vehumet.
 29013 | Snake:4  | Offered knowledge of Ignition by Vehumet.
 29013 | Snake:4  | Offered knowledge of Maxwell's Capacitive Coupling by
                  | Vehumet.
 29020 | Snake:4  | Reached skill level 13 in Earth Magic
 30130 | Snake:3  | Killed Louise
 30790 | Snake:4  | Reached skill level 14 in Earth Magic
 30790 | Snake:4  | Reached XP level 19. HP: 88/128 MP: 19/36
 30933 | Snake:4  | Got a serpentine rune of Zot
 31035 | Snake:3  | Killed Vashnia
 31343 | Lair:3   | Identified the +6 scale mail of Polish {Will+ Int+2}
 31509 | Lair:5   | Found a large runed translucent door.
 31509 | Lair:5   | Noticed Nessos
 31510 | Lair:5   | Found a large runed translucent door.
 31794 | Lair:5   | Killed Nessos
 31806 | Lair:5   | Reached skill level 15 in Fire Magic
 32238 | Vaults:1 | Entered Level 1 of the Vaults
 32360 | Vaults:1 | Identified the +0 leather armour "Forget-Me-Not" {Str+6}
 33017 | Vaults:1 | Identified the +2 robe of Focus {rF+ rN+ Regen+ Str-4}
 33197 | Vaults:1 | Reached skill level 15 in Earth Magic
 33379 | Vaults:1 | Found Lareumm's Antique Weapon Shoppe.
 34065 | Vaults:2 | Found a staircase to the Crypt.
 34407 | Vaults:2 | Reached XP level 20. HP: 126/136 MP: 33/37
 34488 | Vaults:2 | Identified the +7 hand axe of Biri {freeze, Dex+3}
 34553 | Vaults:2 | Noticed Donald
 34557 | Vaults:2 | Killed Donald
 35077 | Vaults:3 | Reached skill level 16 in Earth Magic
 35714 | Vaults:3 | Identified the ring "Xawnojiz" {Fire rElec Stlth+}
 35719 | Vaults:3 | Noticed Sojobo
 35726 | Vaults:3 | Paralysed by an air elemental for 1 turns
 35730 | Vaults:3 | Paralysed by an air elemental for 1 turns
 35734 | Vaults:3 | Paralysed by an air elemental for 1 turns
 35736 | Vaults:3 | Paralysed by an air elemental for 1 turns
 35740 | Vaults:3 | Paralysed by an air elemental for 1 turns
 35744 | Vaults:3 | Paralysed by an air elemental for 1 turns
 35747 | Vaults:3 | Paralysed by an air elemental for 1 turns
 35753 | Vaults:3 | Paralysed by an air elemental for 1 turns
 35777 | Vaults:3 | Paralysed by an air elemental for 1 turns
 35781 | Vaults:3 | Paralysed by an air elemental for 1 turns
 35846 | Vaults:3 | Killed Sojobo
 36634 | Vaults:3 | Noticed an ancient lich
 36635 | Vaults:3 | Found a transporter.
 36635 | Vaults:3 | Noticed abarbat's ghost (adept MiBe)
 36655 | Vaults:3 | Found a transporter.
 37314 | Vaults:4 | Reached XP level 21. HP: 75/141 MP: 22/39
 37315 | Vaults:4 | Reached skill level 17 in Earth Magic
 37316 | Vaults:4 | Reached skill level 10 in Evocations
 37510 | Vaults:4 | Identified the +4 trident of Asooz {antimagic, Str+5 Int-4}
 38380 | Elf:1    | Entered Level 1 of the Elven Halls
 38437 | Elf:1    | Found Onger's Antique Armour Shoppe.
 38596 | Elf:1    | Noticed Norris
 38613 | Elf:1    | Found Geqig's General Store.
 38800 | Abyss:3  | Cast into level 3 of the Abyss (a deep elf sorcerer)
 38801 | Abyss:3  | Upgraded the game from 0.32-a0 to 0.32-a0-12-g7fc57aa741
 38857 | Abyss:3  | Found a bloodstained altar of Trog.
 38966 | Abyss:3  | Found a bloodstained altar of Trog.
 39057 | Abyss:3  | Found a corrupted altar of Lugonu.
 39080 | Abyss:3  | Noticed a bone dragon
 39095 | Abyss:3  | Found a corrupted altar of Lugonu.
 39176 | Abyss:3  | Reached skill level 18 in Earth Magic
 39180 | Abyss:4  | Got an abyssal rune of Zot
 39223 | Elf:1    | Escaped the Abyss
 39277 | Elf:1    | Found Diesmule's Armour Emporium.
 39279 | Elf:1    | Found Kesooth's General Store.
 39280 | Elf:1    | Found Qaelikaq's Antique Weapon Shoppe.
 39317 | Elf:1    | Bought a +1 pair of boots of rampaging for 247 gold pieces
 39519 | Elf:1    | Killed Norris
 39740 | Elf:2    | Found a shimmering blue altar of Sif Muna.
 40064 | Elf:2    | Found a runed translucent gate.
 40065 | Elf:2    | Found a runed translucent gate.
 40069 | Elf:2    | Found a runed translucent gate.
 40071 | Elf:2    | Reached XP level 22. HP: 96/148 MP: 22/40
 40212 | Elf:3    | Entered Level 3 of the Elven Halls
 40281 | Elf:3    | Noticed Asterion
 40286 | Elf:3    | Killed Asterion
 40848 | Elf:3    | Reached skill level 10 in Shields
 41143 | Elf:3    | Identified the amulet of Poezit {Spirit Fly rPois Dex+4}
 41181 | Elf:3    | Got the Directory of Subzero Battle Magic
 41182 | Elf:3    | Identified the +3 ring mail of the Morning Star {-Tele rN+
                  | Int+3 Dex+3}
 41184 | Elf:3    | Identified the +11 hand axe "Loplige" {vamp, rF+ Dex+6}
 41190 | Elf:3    | Identified the +4 shortbow of Makhleb's Hatred {freeze,
                  | ^Contam Fly rF++ Dex+3}
 41192 | Elf:3    | Identified the +8 chain mail "Vaokolo" {Int+3}
 41195 | Elf:3    | Identified the ring "Pevu" {rC++ EV+5 Int+2 Dex+5}
 41225 | Elf:3    | Learned a level 9 spell: Shatter
 41410 | Orc:2    | Bought a potion of haste for 270 gold pieces
 41410 | Orc:2    | Bought a scroll of immolation for 108 gold pieces
 41416 | Orc:2    | Bought a scroll of enchant armour for 105 gold pieces
 41416 | Orc:2    | Bought a scroll of amnesia for 56 gold pieces
 41421 | Orc:2    | Bought a potion of heal wounds for 145 gold pieces
 41421 | Orc:2    | Bought a scroll of poison for 116 gold pieces
 41640 | Depths:1 | Entered Level 1 of the Depths
 41759 | Depths:1 | Identified the +2 orcbow "Ineluppavi" {elec, Str+3}
 41838 | Depths:1 | Reached skill level 19 in Earth Magic
 42087 | Depths:1 | Noticed Saint Roka
 42097 | Depths:1 | Killed Saint Roka
 42206 | Depths:1 | Found a gateway to Hell.
 43097 | Depths:2 | Found a one-way gate leading to the halls of Pandemonium.
 43099 | Depths:2 | Identified the +0 robe of the Manifold Eyes {rN+ Int+3
                  | Dex-2}
 43164 | Depths:2 | Paralysed by a vampire knight for 4 turns
 43171 | Depths:2 | Paralysed by a vampire knight for 3 turns
 43264 | Depths:2 | Reached XP level 23. HP: 137/155 MP: 27/41
 43304 | Depths:2 | Noticed Bai Suzhen
 43324 | Depths:2 | Killed Bai Suzhen
 43614 | Depths:3 | Reached skill level 15 in Spellcasting
 43688 | Depths:3 | Found a one-way gateway to a ziggurat.
 43730 | Depths:3 | Found an ancient bone altar of Kikubaaqudgha.
 43936 | Depths:3 | Reached skill level 20 in Earth Magic
 44462 | Depths:3 | Found a one-way gate to the infinite horrors of the Abyss.
 44852 | Depths:3 | Noticed a juggernaut
 44863 | Depths:3 | Killed a juggernaut
 44913 | Depths:3 | Got the Handbook of Terra Firma and the Zephyr
 44939 | Depths:3 | Identified the +7 halberd "Obast" {pain, rPois rF- Will+++
                  | Int-4}
 45005 | Depths:4 | Entered Level 4 of the Depths
 45014 | Depths:4 | Reached skill level 21 in Earth Magic
 45015 | Depths:4 | Noticed a caustic shrike
 45015 | Depths:4 | Noticed a caustic shrike
 45051 | Depths:4 | Noticed a caustic shrike
 45111 | Depths:4 | Noticed Vv
 45129 | Depths:3 | Killed a caustic shrike
 45130 | Depths:3 | Killed a caustic shrike
 45554 | Depths:4 | Reached XP level 24. HP: 159/162 MP: 20/42
 45618 | Depths:3 | Killed a caustic shrike
 46081 | Depths:4 | Found an iron altar of Okawaru.
 46175 | Depths:4 | Killed Vv
 46218 | Depths:4 | Found a gate to the Realm of Zot.
 46633 | D:15     | Learned a level 9 spell: Fire Storm
 46641 | D:15     | Learned a level 4 spell: Passage of Golubria
 46827 | Crypt:1  | Entered Level 1 of the Crypt
 47084 | Crypt:1  | Reached skill level 22 in Earth Magic
 47160 | Crypt:1  | Identified the +0 scale mail of the Comet {rF+++ Int+2}
 48327 | Crypt:3  | Entered Level 3 of the Crypt
 48581 | Crypt:3  | Identified the ring "Uhilajuq" {*Slow Fly MP+9 Dex+2 SInv}
 48665 | Crypt:3  | Identified the +3 spear of Gluttony {heavy, +Blink rF+}
 48739 | Crypt:3  | Paralysed by a vampire knight for 2 turns
 48784 | Crypt:3  | Found a staircase to the Tomb.
 48818 | Crypt:3  | Got Igriqiss's Handbook of Mortification
 48927 | Crypt:3  | Identified the ring "Xuffead" {rElec Str+3 Slay+4}
 48953 | Crypt:3  | Identified the +6 broad axe of the Fool {flame, Int+2}
 49396 | Crypt:3  | Reached XP level 25. HP: 169/169 MP: 43/43
 49504 | Crypt:3  | Found an ancient bone altar of Kikubaaqudgha.
 49566 | Crypt:3  | Noticed an ancient lich
 49570 | Crypt:3  | Killed an ancient lich
 49596 | Crypt:3  | Learned a level 8 spell: Lehudib's Crystal Spear
 50285 | Slime:1  | Entered Level 1 of the Pits of Slime
 50289 | Slime:1  | Reached skill level 23 in Earth Magic
 50303 | Slime:1  | Gained mutation: You are frail. (-10% HP) [a shining eye]
 50306 | Slime:1  | Lost mutation: You are frail. (-10% HP) [potion of
                  | mutation]
 50306 | Slime:1  | Gained mutation: You are occasionally teleported next to
                  | monsters. [potion of mutation]
 50306 | Slime:1  | Gained mutation: You have a pair of small antennae on your
                  | head. [potion of mutation]
 50306 | Slime:1  | Gained mutation: You have a pair of antennae on your head.
                  | [potion of mutation]
 50306 | Slime:1  | Gained mutation: You passively dampen the noise of your
                  | surroundings. [potion of mutation]
 50307 | Slime:1  | Lost mutation: You have a pair of antennae on your head.
                  | [potion of mutation]
 50307 | Slime:1  | Lost mutation: You are occasionally teleported next to
                  | monsters. [potion of mutation]
 50307 | Slime:1  | Lost mutation: You passively dampen the noise of your
                  | surroundings. [potion of mutation]
 50307 | Slime:1  | Gained mutation: Your movements are slightly less
                  | encumbered by armour. (ER -2) [potion of mutation]
 50307 | Slime:1  | Gained mutation: You possess an exceptional clarity of
                  | mind. [potion of mutation]
 50307 | Slime:1  | Gained mutation: You have hidden genetic potential. [potion
                  | of mutation]
 50346 | Slime:4  | Found a viscous altar of Jiyva.
 50359 | Slime:5  | Entered Level 5 of the Pits of Slime
 50732 | Slime:5  | Noticed the Royal Jelly
 51018 | Slime:5  | Found a viscous altar of Jiyva.
 51205 | Slime:5  | Killed the Royal Jelly
 51226 | Slime:5  | Identified the +6 great sword of Weuliomi {antimagic, rPois
                  | Dex+3 SInv}
 51266 | Slime:5  | Got a slimy rune of Zot
 51284 | Slime:5  | Identified the +10 morningstar of Nemelex Xobeh, Leaping
                  | {drain, rElec Str+2 Stlth-}
 51297 | Slime:5  | Identified the +1 robe of Urivoeb {rN+ Int+4 Stlth+}
 51311 | Slime:5  | Identified the ring "Rutaux" {rElec rC- Will+ MP+9 Dex+5}
 51313 | Slime:5  | Identified an amulet of Pragmatism {Faith rElec Int+3}
 51337 | Slime:5  | Identified the +2 ring mail of Day {rF+}
 51363 | Slime:5  | Acquired 357 gold pieces
 52001 | Vaults:5 | Entered Level 5 of the Vaults
 52240 | Vaults:5 | Noticed a dread lich
 52243 | Vaults:5 | Identified the ring "Cusenuapp" {rPois rN+ Will+ Str+3
                  | Int+2}
 52248 | Vaults:4 | Reached skill level 24 in Earth Magic
 52248 | Vaults:4 | Killed a dread lich
 52664 | Vaults:5 | Reached XP level 26. HP: 125/177 MP: 43/43
 52666 | Vaults:5 | Identified the +5 broad axe of Tixof {venom, rElec rF+
                  | Int+3}
 52687 | Vaults:4 | Gained mutation: You are partially covered in iridescent
                  | scales. (AC +2) [hidden potential]
 52892 | Vaults:5 | Identified the +0 chain mail "Emaputwuwi" {Rampage rPois
                  | rC- Dex-3}
 53107 | Vaults:5 | Identified the staff "Kirph" {rF+ rCorr Int-4 SInv Summ
                  | Fire}
 53217 | Vaults:5 | Identified the +0 plate armour of Feasting {Str+2 SInv}
 53301 | Vaults:5 | Identified the +5 longbow of Disaster {freeze, *Corrode
                  | rPois Int+3}
 53322 | Vaults:5 | Identified the staff "Ychaub" {*Corrode +Blink rF+ Int+5
                  | Conj Fire}
 53363 | Vaults:5 | Got a silver rune of Zot
 53447 | Vaults:5 | Identified the ring "Noiffo" {Str+6 Dex+4}
 53740 | Vaults:5 | Identified the ring "Hini" {*Slow Fly rC+ Stlth+}
 53760 | Vaults:5 | Identified the +5 scale mail of the Hills {Rampage}
 53828 | Vaults:5 | Identified the +2 spear of Ebabot {holy, +Blink Str+4 Int-2
                  | Dex+3}
 54538 | Depths:4 | Learned a level 7 spell: Orb of Destruction
 54543 | Depths:4 | Learned a level 3 spell: Swiftness
 54622 | Zot:1    | Entered Level 1 of the Realm of Zot
 54899 | Zot:1    | Noticed a dread lich
 54903 | Zot:1    | Noticed a dread lich
 54906 | Zot:1    | Killed a dread lich
 54906 | Zot:1    | Noticed a dread lich
 54907 | Zot:1    | Killed a dread lich
 54911 | Zot:1    | Paralysed by a vampire knight for 4 turns
 54915 | Zot:1    | Noticed a dread lich
 54921 | Zot:1    | Noticed a dread lich
 54930 | Zot:1    | Paralysed by a dread lich for 5 turns
 55084 | Zot:1    | Killed a dread lich
 55085 | Zot:1    | Reached skill level 25 in Earth Magic
 55087 | Zot:1    | Killed a dread lich
 55105 | Zot:1    | Paralysed by a sphinx for 3 turns
 55113 | Zot:1    | Noticed a dread lich
 55129 | Zot:1    | Killed a dread lich
 55145 | Zot:1    | Identified the staff of the Keeping Visionary {rC+ rN+
                  | Int+3 Ice}
 55316 | Zot:1    | Killed a dread lich
 55910 | Zot:2    | Reached XP level 27. HP: 177/183 MP: 41/44
 55967 | Zot:2    | Reached skill level 15 in Evocations
 56213 | Zot:2    | Gained mutation: You are strong-willed. (Will+) [hidden
                  | potential]
 56213 | Zot:2    | Lost mutation: You have hidden genetic potential. [hidden
                  | potential expressed]
 56446 | Zot:2    | Identified the +8 longbow "Vaeckiej" {freeze, Str+2}
 56504 | Zot:2    | Noticed an orb of fire
 56508 | Zot:2    | Killed an orb of fire
 58084 | Zot:4    | Found a runed translucent door.
 58084 | Zot:4    | Noticed Coluruets's ghost (legendary HuBe)
 58287 | Zot:4    | Noticed an orb of fire
 58291 | Zot:4    | Killed an orb of fire
 58400 | Zot:4    | Reached skill level 26 in Earth Magic
 58691 | Zot:5    | Entered Level 5 of the Realm of Zot
 59428 | Hell     | Entered the Vestibule of Hell
 59429 | Hell     | Noticed Geryon
 59437 | Hell     | Killed Geryon
 59627 | Hell     | Found a gateway to the freezing wastes of Cocytus.
 59699 | Hell     | Learned a level 4 spell: Fulminant Prism
 59846 | Hell     | Found a gateway to the Iron City of Dis.
 59957 | Hell     | Found a gateway to the ashen valley of Gehenna.
 60018 | Hell     | Found a gateway to the decaying netherworld of Tartarus.
 60160 | Tar:1    | Entered Level 1 of Tartarus
 62513 | Tar:7    | Entered Level 7 of Tartarus
 62890 | Tar:7    | Identified the ring of Yttankik {Wiz rElec rCorr Slay-3}
 63006 | Tar:7    | Reached skill level 27 in Earth Magic
 63297 | Tar:7    | Found the +8 whip "Snakebite" {venom, curare, rPois}
 63301 | Tar:7    | Reached skill level 5 in Dodging
 63305 | Tar:7    | Found the +6 arbalest "Damnation" {damnation}
 63331 | Tar:7    | Identified the +4 arbalest of a bazaar {speed, Int+2}
 63361 | Tar:7    | Identified the staff "Hanek" {rElec rC+++ Str-3 Stlth- Air}
 63362 | Tar:7    | Identified the +7 flail of Jux Seog {venom, rC+ MP+9}
 63374 | Tar:7    | Identified the +11 arbalest of Defence by Offence {heavy,
                  | *Slow rN+ Str+2}
 63387 | Tar:7    | Identified the +5 arbalest "Pasauwnu" {drain, rN+++ Int-5
                  | Dex+3}
 63388 | Tar:7    | Identified the amulet of Runo {RegenMP rF+}
 63419 | Tar:7    | Identified the staff of the Crypt {rElec Int+6 Earth}
 63422 | Tar:7    | Identified the +6 short sword "Urhaeco" {drain, rPois rC+
                  | Will- Dex+2}
 63707 | Tar:7    | Noticed Ereshkigal
 63711 | Tar:7    | Killed Ereshkigal
 63732 | Tar:7    | Got a bone rune of Zot
 63926 | Hell     | Learned a level 6 spell: Plasma Beam
 63928 | Dis:1    | Entered Level 1 of the Iron City of Dis
 64803 | Dis:7    | Entered Level 7 of the Iron City of Dis
 65091 | Dis:7    | Noticed a dread lich
 65097 | Dis:7    | Killed a dread lich
 65105 | Dis:7    | HP: 7/188 [Hell Sentinel/damnation (15)]
 65105 | Dis:7    | Mangled by an iron giant

Illustrated notes

Levels and vault maps discovered:
D:1:      matt_arrival_refuge, layout_loops_ring,
          ebering_ecumenical_altar_sacrificial
D:2:      layout_loops_ring
D:3:      layout_loops_ring, ebering_ghost_gozag
D:4:      old_forge, layout_basic, amcnicky_altar_gilded
D:5:      layout_loops_ring, chequers_temple_overflow_statue_of_worship,
          minmay_temple_entry_statues, grunt_decor_arrowhead, st_stairs_8,
          kennysheep_path_1, ebering_dispersal_statue_hall
D:6:      layout_basic, mainiacjoe_overflow_24_doors,
          mainiacjoe_overflow_cross_hatched, uniq_menkaure
D:7:      gammafunk_cloud_chamber, layout_loops_corners, lemuel_tele_altar
D:8:      layout_basic, nemelex_spade_bored_becter, gammafunk_ghost_hydra_chop,
          nicolae_transporter_intersection
D:9:      minmay_bubble_buster, layout_gridville, david_orc_5,
          minmay_liquid_box, uniq_psyche, uniq_grum
D:10:     layout_basic, tso_metal_star, due_lair_maze_entry_diamond,
          kennysheep_small_circle
D:11:     layout_long_grid, gauntlet_entry_generic, uniq_amaemon
D:12:     layout_cave_pools, gammafunk_ghost_abyssal_escape, drop_trap,
          nzn_sisyphean_effort
D:13:     layout_roguey, nicolae_wu_jian_wuxing_cycle
D:14:     layout_roguey, grunt_vaults_entry_tiered, enter_trove_3
D:15:     hellmonk_depths_entry_around_the_bend, layout_irregular_city,
          serial_rivers, chequers_serial_rivers_marsh,
          chequers_serial_rivers_micro_b, chequers_serial_rivers_marsh,
          chequers_serial_rivers_small_3
Temple:   nicolae_temple_great_sept
Lair:1:   layout_hall_layers, minmay_lair_oklob_bushes, beast_lair_carwin_10,
          grunt_megastairs_3
Lair:2:   layout_cave_pods, minmay_swamp_entry_swarm
Lair:3:   statuecave_lemuel, layout_gridlike, minmay_snake_entry_spellcaster,
          serial_bayou_pond_d, uniq_snorg
Lair:4:   layout_layer_cave, uniq_urug
Lair:5:   cheibrodos_lair_end_hotspot, layout_hall_layers,
          nicolae_slime_entry_field_trip, uniq_nessos
Swamp:1:  nicolae_swamp_ascending_descending_big, layout_basic_swamp,
          nicolae_swamp_stuck_in_the_mud
Swamp:2:  layout_basic_swamp, serial_swamp_ruin, evilmike_swamp_ruin_house_6,
          evilmike_swamp_ruin_house_1, evilmike_swamp_ruin_house_2,
          swamp_pool_4, nicolae_swamp_round_clearing, infiniplex_staircase_pool,
          uniq_jorgrun
Swamp:3:  layout_basic_swamp, nicolae_swamp_fairy_circle
Swamp:4:  swamp_alternative, layout_basic_swamp,
          portal_ice_cave_entry_frozen_things, uniq_mara
Snake:1:  layout_chambers, grunt_megastairs_1
Snake:2:  layout_rooms
Snake:3:  layout_basic, nicolae_integral_box, lemuel_fruit_tree, uniq_vashnia,
          uniq_louise
Snake:4:  snake_hunt, layout_onion_interference, grunt_ministairs_13,
          serial_bayou_lagoon_b
Slime:1:  layout_caves
Slime:2:  layout_caves
Slime:3:  layout_caves
Slime:4:  layout_caves, basic_altar
Slime:5:  slime_pit
Orc:1:    layout_caves, basic_altar, statue_in_the_mist_lemuel,
          regret_index_minedec_devilstone, bh_open_orc_temple
Orc:2:    st_orc_open, layout_diamond_mine, serial_shops,
          nicolae_shop_dealshenge, nicolae_orc_damp_corner
Elf:1:    eino_elf_arrival_customs, layout_loops_cross, serial_shops,
          nicolae_shop_tiny_waterfront, shop, shop_fountains, shop, shop,
          minivault_28, uniq_norris
Elf:2:    elven_hall_of_blades_hangedman_original [nicolae_blade_bullseye],
          layout_onion_city, basic_altar, kilobyte_mutagenic_chamber
Elf:3:    elf_hall, layout_gridlike, grunt_ministairs_3, uniq_asterion
Vaults:1: nicolae_vaults_tetromino_T_2, nicolae_vaults_closet_pinwheel_5,
          ontoclasm_vaults_claustrophobia, nicolae_vaults_network_quinsquares
          [nicolae_vaults_network_quincunx_subvault,
          nicolae_vaults_network_quincunx_subvault,
          nicolae_vaults_network_quincunx_subvault,
          nicolae_vaults_network_quincunx_subvault],
          nicolae_vaults_shipping_containers_1, v_rooms_1, v_misc_22,
          nicolae_vaults_what_the_h, nicolae_vaults_mini_display_case,
          v_misc_27, nicolae_vaults_storage_room_statues,
          layout_vaults_omnicross, serial_shops, nicolae_shop_overgrown_old_shop
Vaults:2: minmay_crypt_entry_simple_plaza, nicolae_vaults_closet_pinwheel_3,
          hangedman_vaults_river_flow, grunt_vaults_bifocal, v_misc_17,
          nicolae_vaults_double_plus_3, grunt_vaults_funnel, v_misc_18,
          vaults_mumra_chevron_long, cheibrodos_frozen_isle,
          nicolae_vaults_variable_pillar_hall, v_misc_23,
          hangedman_vaults_nails, nicolae_vaults_network_periphery,
          nicolae_vaults_trapezoid_layered, nicolae_vaults_lightning_bolt,
          nicolae_vaults_apartment_1, vaults_dpeg_cross, layout_vaults_maze,
          uniq_donald
Vaults:3: gammafunk_ghost_mausoleum, v_misc_27, ontoclasm_vaults_ligature,
          hangedman_vaults_restitches, v_misc_19, nicolae_vaults_double_plus_2,
          ontoclasm_vaults_decontamination, ontoclasm_vaults_spin,
          ontoclasm_vaults_chip, nicolae_vaults_security_offices_2, v_misc_30,
          layout_vaults_omnigrid, uniq_sojobo
Vaults:4: nicolae_vaults_stairing_the_circle, vaults_room_fours,
          nicolae_vaults_tetromino_L_2, vaults_standard_mumra_lines, v_misc_2,
          ontoclasm_vaults_bender, nicolae_vaults_doubleplus_tesselated,
          nicolae_vaults_closet_pinwheel_1, ontoclasm_vaults_idyll,
          nicolae_vaults_prndl, nicolae_vaults_trapezoid_lopsided_3,
          ontoclasm_vaults_fault, layout_vaults_ring
Vaults:5: serial_shops
Crypt:1:  layout_misc_corridors, roderic_lattice_octagonal_star
Crypt:2:  minmay_shadows, layout_gridlike, st_stairs_1
Crypt:3:  quadcrypt_mu
Depths:1: layout_cave_pools, grunt_hell_entry_dis_old, kennysheep_another_room,
          uniq_saint_roka
Depths:2: evilmike_horseshoe, layout_cave_pools, pan_entry,
          hangedman_decor_opposing, hellmouth_1, kennysheep_two_boxes,
          uniq_bai_suzhen
Depths:3: giant_chief_lemuel, layout_cross, enter_ziggurat_e, abyss_entry,
          hell_entry, nicolae_kikubaaqudgha_miasma_corner,
          infiniplex_staircase_diamond
Depths:4: grunt_x_marks_the_spot, layout_long_grid,
          chequers_serial_rivers_micro_d, abyss_entry, hell_entry,
          kennysheep_okawaru_gauntlet, uniq_vv
Hell
Dis:1:    layout_subdivisions, hangedman_dis_decor_tower
Dis:2:    layout_subdivisions
Dis:3:    layout_overlapping_boxes
Dis:4:    layout_subdivisions
Dis:5:    layout_gridville
Dis:6:    layout_regular_city, minmay_strange_pillars,
          nicolae_dis_lava_storage_tank
Dis:7:    dis_st
Tar:1:    layout_catacombs
Tar:2:    layout_catacombs, nicolae_tar_spectre_spectrum
Tar:3:    hangedman_tartarus_temple_path, layout_cathedral_of_symmetry,
          grunt_tartarus_stairs_gauntlet_trap
Tar:4:    layout_honeycomb
Tar:5:    layout_cathedral_of_symmetry
Tar:6:    nicolae_hells_titanomachy
Tar:7:    tar_mu [tar_mu_maze]
Zot:1:    hellmonk_paralyzer, layout_cathedral_of_symmetry
Zot:2:    layout_gridville, evilmike_ambush [evilmike_ambush_outer_corners,
          evilmike_ambush_inner_cross]
Zot:3:    kennysheep_spiral_hall, layout_gridlike, grunt_ministairs_4
Zot:4:    layout_basic, hangedman_zot_decor_tridents, gammafunk_ghost_grave,
          grunt_megastairs_2
Zot:5:    layout_gridlike

Skill      XL: |  1  2  3  4  5  6  7  8  9 10 11 12 13 14 15 16 17 18 19 20 21 22 23 24 25 26 27 |
---------------+----------------------------------------------------------------------------------+-----
Conjurations   | 2 3 4 5 7 9 10 11 13 14 15 16 17 18 19 20 21 22 25 | 25.0
Fighting       | 1 2 3 4 5 6 7 8 10 11 12 15 16 17 18 19 20 21 23 | 23.1
Spellcasting   | 3 4 5 6 7 8 9 10 11 12 13 14 15 16 17 19 | 19.0
Fire Magic     | 4 5 6 8 9 10 11 12 13 14 15 16 17 18 19 20 22 | 22.9
Stealth        | 5 |  5.0
Shields        | 1 5 6 8 9 10 | 10.0
Evocations     | 2 4 6 7 8 9 10 11 12 13 14 18 | 18.0
Earth Magic    | 2 5 8 9 12 14 15 16 18 19 21 22 24 25 27 | 27.0
Translocations | 3 5 |  5.0
Dodging        | 6 |  6.4

Action                     |  1- 3 |  4- 6 |  7- 9 | 10-12 | 13-15 | 16-18 | 19-21 | 22-24 | 25-27 || total
---------------------------+-------+-------+-------+-------+-------+-------+-------+-------+-------++-------
  Melee: Unarmed           |     5 |       |       |       |       |       |       |       |       ||     5
         Dagger            |    61 |    56 |    45 |       |       |       |    11 |       |       ||   173
         Punch             |       |     1 |       |       |       |       |       |       |       ||     1
         Mace              |       |       |    36 |   101 |    50 |       |       |       |       ||   187
         Staff             |       |       |       |       |   182 |   201 |   310 |   508 |   508 ||  1709
         Hand axe          |       |       |       |       |       |       |       |   248 |       ||   248
  Throw: Stone             |       |     1 |       |       |       |       |       |       |       ||     1
         Boomerang         |       |       |       |       |     9 |       |       |       |       ||     9
         Throwing net      |       |       |       |       |     2 |       |       |       |       ||     2
         Javelin           |       |       |       |       |       |       |       |     2 |       ||     2
   Cast: Foxfire           |    46 |    24 |   146 |    90 |     5 |     6 |       |       |       ||   317
         Scorch            |     8 |    34 |    36 |    25 |     1 |       |       |       |       ||   104
         Flame Wave        |       |       |     5 |    22 |       |       |       |       |       ||    27
         Sticky Flame      |       |       |       |    47 |    63 |    46 |    62 |     6 |       ||   224
         Starburst         |       |       |       |    36 |   183 |   122 |   153 |   177 |   143 ||   814
         Fireball          |       |       |       |       |    68 |    84 |    73 |    70 |    28 ||   323
         Sandblast         |       |       |       |       |    46 |   191 |       |       |       ||   237
         Blink             |       |       |       |       |     2 |       |     2 |       |       ||     4
         Iskenderun's Myst |       |       |       |       |     7 |     1 |     1 |       |       ||     9
         Bombard           |       |       |       |       |       |    66 |   153 |   218 |    12 ||   449
         Shatter           |       |       |       |       |       |       |       |     5 |    50 ||    55
         Lehudib's Crystal |       |       |       |       |       |       |       |       |   260 ||   260
         Fire Storm        |       |       |       |       |       |       |       |       |   136 ||   136
         Orb of Destructio |       |       |       |       |       |       |       |       |     9 ||     9
         Plasma Beam       |       |       |       |       |       |       |       |       |     9 ||     9
         Fulminant Prism   |       |       |       |       |       |       |       |       |     2 ||     2
Ability: Evoke Blink       |       |       |       |       |       |       |       |       |     1 ||     1
  Evoke: Wand              |       |     3 |       |     9 |    20 |    11 |    18 |    13 |    21 ||    95
         Phial of floods   |       |       |       |     1 |     3 |     3 |     3 |     1 |     2 ||    13
         Condenser vane    |       |       |       |     1 |     2 |     4 |     2 |     1 |     2 ||    12
         Phantom mirror    |       |       |       |       |       |       |     2 |     1 |     2 ||     5
    Use: Scroll            |       |     7 |     2 |    13 |    12 |    11 |     5 |     8 |    15 ||    73
         Potion            |       |       |       |     1 |     3 |     3 |     5 |     5 |     5 ||    22
   Stab: Sleeping          |     3 |       |     1 |     1 |     1 |       |       |     5 |     2 ||    13
         Distracted        |       |       |       |       |       |       |       |       |     1 ||     1
 Armour: Robe              |    68 |   112 |   192 |   240 |   473 |   105 |   482 |   413 |       ||  2085
         Acid dragon scale |       |       |       |       |       |   432 |    58 |   434 |   840 ||  1764
         Leather armour    |       |       |       |       |       |    45 |    83 |       |       ||   128
         Skin              |       |       |       |       |       |       |       |       |     7 ||     7
  Dodge: Dodged            |    67 |    90 |   124 |   167 |   234 |   201 |   210 |   426 |   372 ||  1891
  Block: Buckler           |       |       |       |   124 |   339 |   340 |    13 |       |       ||   816
         Reflection        |       |       |       |       |    14 |    48 |    43 |    20 |     9 ||   134
         Kite shield       |       |       |       |       |       |       |   577 |  1074 |   749 ||  2400

Table legend: (Time is in decaauts)
 A = Elapsed time spent in this place.
 B = Non-inter-level travel time spent in this place.
 C = Inter-level travel time spent in this place.
 D = Time resting spent in this place.
 E = Time spent auto-exploring this place.
 F = Levels seen in this place.
 G = Mean time per level.
                   A        B        C        D        E       F      G
               +--------+--------+--------+--------+--------+-----+--------+
         Total |  66098 |  59989 |   6109 |   8645 |  26661 |  76 |  869.7 |
       Dungeon |  15299 |  13526 |   1773 |   1307 |   7686 |  15 | 1019.9 |
        Temple |     20 |     20 |      0 |      0 |      0 |   1 |   20.0 |
          Lair |   7724 |   6362 |   1362 |    585 |   3412 |   5 | 1544.8 |
         Swamp |   2937 |   2715 |    222 |    146 |   1643 |   4 |  734.2 |
     Snake Pit |   4880 |   4512 |    368 |    798 |   2045 |   4 | 1220.0 |
    Slime Pits |   1225 |   1199 |     26 |    428 |     18 |   5 |  245.0 |
  Orcish Mines |   1990 |   1798 |    192 |    287 |    622 |   2 |  995.0 |
   Elven Halls |   2634 |   2473 |    161 |    223 |   1130 |   3 |  878.0 |
        Vaults |   8563 |   7465 |   1098 |   1271 |   3717 |   5 | 1712.6 |
         Crypt |   3150 |   3085 |     65 |      2 |   1435 |   3 | 1050.0 |
        Depths |   5599 |   5211 |    388 |   1015 |   1848 |   4 | 1399.8 |
          Hell |    654 |    619 |     35 |      0 |    366 |   1 |  654.0 |
           Dis |   1177 |   1170 |      7 |    457 |     85 |   7 |  168.1 |
      Tartarus |   3796 |   3665 |    131 |   1105 |    269 |   7 |  542.3 |
           Zot |   4848 |   4568 |    280 |    629 |   2317 |   5 |  969.6 |
         Abyss |    428 |    428 |      0 |    118 |      0 |   2 |  214.0 |
         Trove |     41 |     41 |      0 |      0 |      0 |   1 |   41.0 |
      Ice Cave |    606 |    606 |      0 |    184 |     67 |   1 |  606.0 |
      Gauntlet |    517 |    517 |      0 |     87 |      0 |   1 |  517.0 |
               +--------+--------+--------+--------+--------+-----+--------+

Top non-repeatable levels by time:
Depths:3: 2186 daAuts
Vaults:4: 2104 daAuts
Vaults:3: 2001 daAuts
  Lair:5: 1949 daAuts
Vaults:1: 1851 daAuts
  Lair:2: 1723 daAuts
 Snake:3: 1634 daAuts
Vaults:2: 1602 daAuts
 Crypt:3: 1537 daAuts
     D:9: 1520 daAuts
  Lair:4: 1446 daAuts
    D:10: 1427 daAuts
    D:14: 1415 daAuts
  Lair:1: 1388 daAuts
   Tar:7: 1369 daAuts
